Map: Ever Dream LE

Players

RagnaroK (SHIN)

  • Race: Zerg Zerg
  • League: Grandmaster
  • Spawn Location: 7:00

Patience - Winner!

  • Race: Protoss Protoss
  • League: Master
  • Spawn Location: 1:00

VOD

Have the link to the VOD?

Description

Time

  • Played on: July 11, 2020, 6:19 a.m.
  • Length: 10:07
Show
View Real Time Build Order
Export as new Build Order

RagnaroK Zerg 

Build Orders: Hatch First 

Get SALT Encoding   

  12  0:00  Drone  
  13  0:13  Overlord  
  13  0:17  Drone  
  14  0:31  Drone  
  14  0:32  Drone  
  16  0:48  Hatchery  
  15  0:50  Drone  
  15  0:54  Drone  
  17  0:58  Drone  
  18  1:08  Extractor  
  17  1:12  Spawning Pool  
  17  1:15  Drone  
  17  1:18  Drone  
  18  1:29  Drone  
  19  1:43  Hatchery  
  19  1:46  Drone  
  19  1:50  Drone  
  20  1:59  Queen  
  22  2:02  Drone  
  22  2:05  Zergling x2  
  24  2:13  Drone  
  25  2:18  Queen  
  27  2:23  Overlord  
  27  2:26  Drone  
  28  2:31  Metabolic Boost  
  28  2:40  Queen  
  28  2:42  Drone  
  28  2:43  Drone  
  32  2:51  Zergling x2  
  33  2:56  Drone x4  
  37  3:01  Queen  
  39  3:07  Overlord  
  39  3:10  Drone x2  
  40  3:13  Drone  
  41  3:20  Overlord  
  41  3:26  Drone  
  41  3:27  Drone x4  
  46  3:29  Drone  
  46  3:30  Drone  
  48  3:37  Queen, Drone  
  48  3:38  Drone  
  48  3:40  Drone  
  53  3:43  Drone x2  
  53  3:47  Overlord  
  55  3:51  Drone x3  
  58  3:57  Roach Warren  
  58  4:00  Spine Crawler  
  58  4:01  Overlord  
  56  4:04  Overlord  
  56  4:11  Zergling x10  
  56  4:14  Drone  
  56  4:16  Overlord  
  62  4:18  Zergling x4  
  62  4:22  Zergling x8  
  68  4:25  Spore Crawler  
  68  4:28  Spore Crawler  
  68  4:29  Spore Crawler  
  65  4:33  Overlord  
  65  4:37  Extractor  
  66  4:38  Roach x3  
  70  4:47  Roach x2  
  70  4:48  Roach x2  
  78  4:53  Roach  
  78  4:58  Overlord  
  78  4:59  Roach x2  
  84  5:07  Roach x2  
  83  5:15  Overlord  
  83  5:17  Zergling x20  
  89  5:28  Drone  
  89  5:29  Drone x3  
  89  5:34  Drone x3  
  94  5:43  Drone x6  
  94  5:49  Drone x2  
  100  5:50  Drone  
  100  5:51  Drone x2  
  100  5:55  Lair  
  100  5:56  Drone  
  103  5:59  Drone  
  103  6:03  Drone x2  
  106  6:05  Overlord  
  106  6:07  Extractor x2  
  106  6:09  Overlord  
  101  6:14  Overlord  
  101  6:17  Drone x5  
  97  6:21  Drone x3  
  97  6:23  Spore Crawler  
  99  6:26  Spore Crawler  
  99  6:28  Spore Crawler  
  99  6:30  Queen  
  98  6:47  Drone x2  
  98  6:52  Roach x4, Zergling x4  
  98  6:53  Roach x4, Zergling x6  
  116  6:55  Glial Reconstitution  
  116  7:01  Queen  
  116  7:02  Queen  
  116  7:05  Overlord  
  120  7:12  Overlord  
  120  7:13  Queen, Nydus Network  
  121  7:18  Overlord  
  121  7:19  Overlord  
  121  7:20  Overlord  
  118  7:23  Overlord  
  118  7:25  Roach, Zergling x2  
  118  7:29  Overlord  
  119  7:34  Roach  
  119  7:37  Queen  
  120  7:39  Queen  
  124  7:46  Roach x4  
  124  7:49  Queen  
  134  7:52  Overlord  
  133  7:59  Infestation Pit  
  133  8:00  Nydus Canal  
  133  8:01  Roach x2  
  133  8:03  Overlord  
  136  8:11  Roach  
  138  8:16  Nydus Canal  
  138  8:17  Overlord x4  
  138  8:18  Overlord  
  138  8:19  Overlord  
  138  8:23  Overlord  
  136  8:34  Overlord  
  136  8:35  Queen  
  136  8:38  Roach x6  
  136  8:41  Ravager x9  
  145  8:43  Roach  
  145  8:44  Roach  
  145  8:47  Roach  
  145  8:48  Roach x2  
  148  8:51  Roach  
  148  8:54  Roach x2  
  154  8:56  Roach  
  154  9:00  Roach  
  154  9:01  Roach  
  154  9:04  Roach  
  154  9:05  Roach  
  158  9:10  Roach x2  
  158  9:19  Roach x3  
  162  9:24  Roach x2  
  162  9:26  Roach  
  162  9:27  Roach  
  162  9:29  Roach  
  168  9:37  Roach x2  
  160  9:38  Roach  
  142  9:47  Roach  
Show
View Real Time Build Order
Export as new Build Order

Patience Protoss - Winner!

Build Orders: 1 Gate Expand, Mass Adepts 

Get SALT Encoding   

  12  0:00  Probe  
  13  0:12  Probe  
  14  0:19  Pylon  
  14  0:24  Probe  
  15  0:33  Probe  
  15  0:40  Gateway  
  15  0:41  Probe  
  16  0:47  Assimilator  
  17  0:52  Probe  
  18  1:04  Probe  
  19  1:16  Probe  
  20  1:23  Nexus  
  20  1:33  Cybernetics Core  
  20  1:35  Probe  
  21  1:41  Assimilator  
  21  1:48  Probe  
  21  1:50  Pylon  
  22  2:00  Probe  
  23  2:08  Probe  
  23  2:12  Adept, Warp Gate  
  26  2:16  Probe  
  27  2:24  Twilight Council  
  27  2:26  Probe  
  28  2:32  Probe  
  28  2:34  Probe  
  29  2:40  Probe  
  29  2:42  Probe, Stalker  
  33  2:50  Probe  
  34  2:52  Probe  
  36  2:59  Robotics Facility  
  36  3:02  Probe  
  37  3:05  Resonating Glaives  
  37  3:06  Probe  
  38  3:14  Probe  
  38  3:18  Probe  
  40  3:24  Adept  
  40  3:26  Probe  
  43  3:30  Probe  
  43  3:31  Gateway x2  
  44  3:34  Warp Prism  
  44  3:36  Gateway  
  44  3:41  Pylon  
  46  3:52  Pylon  
  46  3:54  Assimilator  
  46  3:57  Assimilator  
  46  3:59  Probe x2  
  48  4:04  Observer  
  48  4:06  Adept  
  50  4:11  Probe  
  50  4:13  Probe  
  53  4:17  Pylon  
  53  4:19  Pylon  
  53  4:24  Probe  
  54  4:32  Adept x4  
  62  4:38  Probe  
  62  4:39  Probe  
  62  4:40  Pylon  
  62  4:43  Stargate  
  64  4:46  Stargate  
  64  4:54  Adept  
  64  4:55  Adept x2  
  64  4:56  Adept  
  72  5:18  Adept x4  
  74  5:24  Phoenix x2  
  78  5:36  Nexus  
  78  5:38  Pylon  
  78  5:41  Phoenix x2  
  81  5:51  Pylon  
  81  6:08  Phoenix  
  81  6:12  Adept x4  
  81  6:13  Phoenix  
  87  6:24  Probe x2  
  89  6:32  Phoenix, Adept x4  
  97  6:38  Phoenix, Probe  
  102  6:50  Phoenix  
  102  6:53  Adept  
  102  6:54  Adept x3  
  108  7:01  Probe x3  
  113  7:13  Probe x3  
  116  7:18  Pylon  
  116  7:21  Pylon  
  112  7:23  Adept  
  112  7:24  Pylon  
  112  7:25  Probe x2, Immortal  
  112  7:29  Phoenix  
  117  7:36  Phoenix  
  123  7:50  Sentry x3  
  123  7:51  Adept  
  131  7:52  Immortal  
  131  8:15  Stalker x4  
  139  8:20  Shield Battery  
  139  8:22  Shield Battery  
  139  8:23  Immortal  
  139  8:24  Shield Battery  
  139  8:25  Shield Battery  
  141  8:48  Pylon  
  141  8:49  Pylon  
  141  8:50  Pylon  
  141  8:51  Assimilator, Pylon  
  141  8:52  Immortal  
  141  8:57  Assimilator  
  139  9:09  Shield Battery, Stalker x4  
  149  9:10  Shield Battery  
  149  9:12  Shield Battery  
  149  9:14  Shield Battery  
  147  9:21  Immortal  
  137  9:35  Stalker x3  
  119  10:00  Gateway  
  119  10:01  Gateway, Zealot x3  
  119  10:03  Gateway  
Tags
 
Add a new tag
Caveats
  • Supply blocks, unpowered buildings, or Contaminate may cause inaccurate times.
  • Supply counts are checked every 10 seconds.